 Dungeon Crawl Stone Soup version 0.31.0-32-g396128a36d (webtiles) character file.

Game seed: 10299140924715652060

8541 Alphaeus the Cleaver (level 11, -1/89 HPs)
             Began as a Formicid Fighter on Mar 20, 2024.
             Was the Champion of Cheibriados.
             Slain by an orc warrior
             ... wielding a +0 long sword
              (6 damage)
             ... on level 10 of the Dungeon.
             The game lasted 00:10:50 (8958 turns).

Alphaeus the Cleaver (Formicid Fighter)             Turns: 8958, Time: 00:10:50

Health: -1/89      AC: 13    Str: 33 (35) XL:     11   Next: 57%
Magic:  11/11      EV: 10    Int: 26 (28) God:    Cheibriados [******]
Gold:   488        SH:  8    Dex: 27 (28) Spells: 10/10 levels left

rFire   . . .        F - +3 flail (protect)
rCold   . . .        c - +0 buckler
rNeg    . . .        R - +3 scale mail
rPois   .            (helmet unavailable)
rElec   .            (no cloak)
rCorr   .            (no gloves)
SInv    +            (no boots)
Will    +....        K - amulet of regeneration
Stlth   +            z - ring of flight
HPRegen 0.00/turn    J - ring of willpower
MPRegen 0.12/turn

%: clarity
@: weak-willed, flying, inhibited regen, very slow
A: permanent stasis, dig shafts and tunnels, antennae 3, four strong arms,
iridescent scales 1, clarity, inhibited regeneration
a: Dig, Shaft Self, Renounce Religion, Bend Time, Temporal Distortion, Slouch,
Step From Time


You were on level 10 of the Dungeon.
You worshipped Cheibriados.
Cheibriados was exalted by your worship.
You visited 1 branch of the dungeon, and saw 10 of its levels.

You collected 488 gold pieces.

Inventory:

Hand Weapons
 a - a +0 war axe of freezing
 p - a +2 whip of pain
 F - a +3 flail of protection (weapon)
Missiles
 P - a throwing net
Armour
 c - a +0 buckler (worn)
 y - the +6 plate armour "Tamoeha" {Int+3}
   (You found it on level 4 of the Dungeon)

   Int+3:     It affects your intelligence (+3).
 R - a +3 scale mail (worn)
Jewellery
 o - an amulet of guardian spirit
 z - a ring of flight (left hand)
 B - a ring of protection from cold
 C - a ring of fire
 J - a ring of willpower (right hand)
 K - an amulet of regeneration (around neck)
 M - a ring of wizardry
Wands
 q - a wand of flame (14)
 E - a wand of polymorph (12)
 H - a wand of charming (15)
 L - a wand of roots (10)
 Q - a wand of digging (7)
Scrolls
 f - a scroll of vulnerability
 h - a scroll of amnesia
 i - a scroll of brand weapon
 j - 10 scrolls of identify {unknown}
 s - 2 scrolls of poison {unknown}
 u - 2 scrolls of butterflies {unknown}
 v - 4 scrolls of revelation {unknown}
 w - 4 scrolls of immolation {unknown}
 x - a scroll of fear {unknown}
 D - a scroll of silence {unknown}
 I - a scroll of teleportation {unknown}
Potions
 d - 2 potions of might
 e - a potion of degeneration
 k - a potion of curing
 l - a potion of mutation
 m - 4 potions of heal wounds {unknown}
 n - a potion of magic {unknown}
 r - a potion of brilliance {unknown}
 t - a potion of attraction {unknown}
 A - 2 potions of enlightenment {unknown}
 G - a potion of haste {unknown}
 N - a potion of experience {unknown}
 O - a potion of cancellation {unknown}


   Skills:
 + Level 9.2 Fighting
 * Level 11.1 Axes
 + Level 9.2 Armour
 + Level 10.9 Shields


You had 10 spell levels left.
You didn't know any spells.
Your spell library contained the following spells:

 Spells                   Type           Power      Damage    Failure   Level
 Ensorcelled Hibernation  Hex/Ice        0%         N/A       36%         2
 Frozen Ramparts          Ice            0%         1d1       58%         3
 Fugue of the Fallen      Necr           0%         N/A       58%         3
 Ozocubu's Armour         Ice            0%         N/A       58%         3
 Anguish                  Hex/Necr       0%         N/A       94%         4
 Leda's Liquefaction      Alch/Erth      0%         N/A       94%         4
 Manifold Assault         Tloc           0%         N/A       94%         4
 Petrify                  Alch/Erth      0%         N/A       94%         4
 Metabolic Englaciation   Hex/Ice        0%         N/A       100%        5


Dungeon Overview and Level Annotations

Branches:
Dungeon (10/15)            Temple (0/1) D:6            Lair (0/5) D:9
    Orc (0/2) D:10

Altars:
Cheibriados
Gozag
Makhleb
Ru
Sif Muna
Uskayaw
Zin
The Shining One

Shops:
D:2 [   D:9 *


Innate Abilities, Weirdness & Mutations

You cannot be hasted, slowed, berserked, paralysed or teleported.
You can dig through walls and to a lower floor.
You have a pair of large antennae on your head. (SInv)
Your four strong arms can wield two-handed weapons with a shield.
You are partially covered in iridescent scales. (AC +2)
You possess an exceptional clarity of mind.
You do not regenerate when monsters are visible.


Message History

Beogh smites you!
* * * LOW HITPOINT WARNING * * *
Okay, then.
Okay, then.
As you read the scroll labelled DUJIUB JERHO, it crumbles to dust.
A wave of despondency washes over your surroundings.
It was a scroll of vulnerability.
You block the orc warrior's attack.
The orc priest casts a cantrip, but nothing happens.
Okay, then.
You feel better. The orc warrior closely misses you.
As you read the scroll labelled ITIHOV LE ORE, it crumbles to dust.
It is a scroll of amnesia.
You feel forgetful for a moment.
The orc warrior hits you with a +0 long sword.
* * * LOW HITPOINT WARNING * * *
The orc priest mumbles some strange prayers to Beogh against the orc.
Beogh smites you!
* * * LOW HITPOINT WARNING * * *
You feel better.
The orc warrior hits you with a +0 long sword.
* * * LOW HITPOINT WARNING * * *
The orc priest begins to cast a cantrip, but forgets the words!
As you read the scroll labelled KUSHEO ESTRUKYK, it crumbles to dust.
It is a scroll of brand weapon.
Your +0 war axe is covered with a thin layer of ice!
a - a +0 war axe of freezing The orc warrior misses you.
As you read the scroll labelled JAUZIO OTA IXUAG, it dissolves into smoke.
It was a scroll of fog.
The orc warrior barely misses you.
Okay, then.
It was a potion of degeneration.
There was something very wrong with that liquid.
You feel weakened.
You feel dopey.
You feel clumsy.
The orc warrior hits you with a +0 long sword!
* * * LOW HITPOINT WARNING * * *
It was a potion of mutation.
You feel extremely strange.
Iridescent scales grow over part of your body.
Your regeneration stops near monsters.
Your thoughts seem clearer.
The orc warrior hits you with a +0 long sword.
You die...

#....#
#######.
####....######
#.
.............#
##
.........>...#
....##.......#
#### #.(.....#
#§§§....#
##§###### #@#
#o#
......ooo..#
8#####8o8###


{ooooo { ,ooooo.# ooooo..# {........# ..>......# You could see 2 orc warriors
and 5 orcs.

Vanquished Creatures
  3 two-headed ogres
  Pikel (D:6)
  An unseen horror (D:10)
  A troll (D:10)
  13 yaks
  A shadow (D:9)
  2 wraiths (D:10)
  Edmund (D:6)
  A water moccasin (D:4)
  3 orc warriors
  2 ice beasts
  An ogre (D:6)
  2 centaurs (D:10)
  3 kobold brigands
  3 scorpions
  2 bullfrogs
  9 wights
  9 killer bees
  5 howler monkeys
  A bombardier beetle (D:5)
  A hound (D:3)
  2 jellies
  A gnoll bouda (D:7)
  8 orc priests
  Jessica (D:2)
  2 iguanas
  Natasha (thrice) (D:3)
  9 orc wizards
  A sleepcap (D:8)
  Robin (D:4)
  7 gnolls
  7 adders
  A shadow imp (D:5)
  A white imp (D:7)
  A dart slug (D:5)
  3 ribbon worms
  30 orcs
  7 endoplasms
  A giant cockroach (D:3)
  9 hobgoblins
  13 jackals
  26 kobolds
  3 quokkas
  5 ball pythons
  3 bats
  3 frilled lizards
  14 goblins
  4 rats
231 creatures vanquished.

Notes
Turn   | Place    | Note
-------+----------+-------------------------------------------
     0 | D:1      | Alphaeus the Formicid Fighter began the quest for the Orb.
     0 | D:1      | Reached XP level 1. HP: 18/18 MP: 1/1
   121 | D:1      | Reached XP level 2. HP: 22/24 MP: 2/2
   772 | D:2      | Found a faded altar of an unknown god.
   781 | D:2      | Prayed at the altar of an unknown god.
   781 | D:2      | Became a worshipper of Cheibriados the Contemplative
   781 | D:2      | Reached * piety under Cheibriados
   794 | D:2      | Found Taegauni's Armour Boutique.
   842 | D:2      | Reached XP level 3. HP: 29/29 MP: 3/3
  1069 | D:2      | Reached XP level 4. HP: 37/37 MP: 4/4
  1069 | D:2      | Reached ** piety under Cheibriados
  1102 | D:2      | Reached skill level 3 in Axes
  1316 | D:2      | Noticed Jessica
  1322 | D:2      | Killed Jessica
  1323 | D:2      | Reached XP level 5. HP: 36/42 MP: 5/5
  1487 | D:3      | Found an opulent altar of Gozag.
  1548 | D:3      | Noticed Natasha
  1550 | D:3      | Killed Natasha
  1572 | D:3      | Reached skill level 5 in Shields
  1663 | D:3      | Reached XP level 6. HP: 20/48 MP: 6/6
  1668 | D:3      | Reached skill level 4 in Axes
  1795 | D:3      | Noticed Natasha
  1801 | D:3      | Killed Natasha
  1837 | D:3      | Found a sacrificial altar of Ru.
  2034 | D:3      | Noticed Natasha
  2039 | D:3      | Killed Natasha
  2039 | D:3      | Reached *** piety under Cheibriados
  2512 | D:4      | Noticed Robin
  2529 | D:4      | Reached XP level 7. HP: 49/55 MP: 7/7
  2547 | D:4      | Killed Robin
  2761 | D:4      | Found a hide-covered altar of Uskayaw.
  2812 | D:4      | Noticed a water moccasin
  2822 | D:4      | Killed a water moccasin
  2916 | D:4      | Reached **** piety under Cheibriados
  2917 | D:4      | Reached skill level 5 in Axes
  3294 | D:4      | Identified the +6 plate armour "Tamoeha" {Int+3}
  3443 | D:4      | Reached skill level 5 in Armour
  3675 | D:5      | Entered Level 5 of the Dungeon
  3827 | D:5      | Reached skill level 5 in Fighting
  4005 | D:5      | Reached XP level 8. HP: 48/62 MP: 8/8
  4312 | D:5      | Found a burning altar of Makhleb.
  4467 | D:5      | Reached skill level 6 in Axes
  4850 | D:6      | Noticed Edmund
  4885 | D:6      | Killed Edmund
  5167 | D:6      | Found a staircase to the Ecumenical Temple.
  5186 | D:6      | Noticed Pikel
  5197 | D:6      | Killed Pikel
  5198 | D:6      | Reached skill level 7 in Axes
  5198 | D:6      | Reached XP level 9. HP: 55/69 MP: 7/9
  5486 | D:6      | Reached ***** piety under Cheibriados
  5989 | D:7      | Reached skill level 8 in Axes
  6171 | D:7      | Reached XP level 10. HP: 13/79 MP: 5/10
  7214 | D:8      | Reached skill level 9 in Axes
  7321 | D:8      | Found a glowing golden altar of the Shining One.
  7447 | D:8      | Noticed a two-headed ogre
  7459 | D:8      | Killed a two-headed ogre
  7864 | D:9      | Reached skill level 10 in Axes
  7865 | D:9      | Found Ikhlanext's Changing Room.
  7937 | D:9      | Reached skill level 10 in Shields
  8063 | D:9      | Found a staircase to the Lair.
  8066 | D:9      | Noticed a two-headed ogre
  8075 | D:9      | Killed a two-headed ogre
  8076 | D:9      | Reached XP level 11. HP: 43/87 MP: 11/11
  8448 | D:10     | Entered Level 10 of the Dungeon
  8508 | D:10     | Reached ****** piety under Cheibriados
  8517 | D:10     | Noticed a two-headed ogre
  8527 | D:10     | Killed a two-headed ogre
  8701 | D:10     | Found a glowing silver altar of Zin.
  8714 | D:10     | Reached skill level 11 in Axes
  8830 | D:10     | Found a shimmering blue altar of Sif Muna.
  8939 | D:10     | Found a staircase to the Orcish Mines.
  8958 | D:10     | Gained mutation: You are partially covered in iridescent
                  | scales. (AC +2) [potion of mutation]
  8958 | D:10     | Gained mutation: You do not regenerate when monsters are
                  | visible. [potion of mutation]
  8958 | D:10     | Gained mutation: You possess an exceptional clarity of
                  | mind. [potion of mutation]
  8958 | D:10     | Slain by an orc warrior

Illustrated notes

Levels and vault maps discovered:
D:1:      amcnicky_arrival_abandoned_market, layout_loops_ring
D:2:      layout_rooms, ebering_ecumenical_altar_box, serial_shops, shop,
          minmay_hexomino_c4, uniq_jessica
D:3:      layout_loops_ring, nicolae_ru_path_of_blood, grunt_gozag_statues,
          nrook_loot_triangle, minmay_cupped, uniq_natasha
D:4:      layout_loops_corners, mainiacjoe_overflow_alcove_1, uniq_robin
D:5:      layout_loops_cross, lightli_temple_of_fire
D:6:      layout_loops_cross, minmay_temple_entry_ruins, reono_crystal_passage,
          minmay_misc_feat_columns, uniq_pikel, uniq_edmund
D:7:      layout_basic, enter_bailey_4
D:8:      layout_loops_cross, lemuel_doored_altar, minmay_stone_trees_small,
          nicolae_houndstooth_variations
D:9:      layout_basic, lair_entry_dummy, dk_noncrumbling_4,
          minmay_misc_feat_encased, nicolae_transmutations_shop,
          kennysheep_another_room
D:10:     layout_basic, marbit_many_paths, mainiacjoe_overflow_tiny_flanked,
          david_orc_5, uniq_snorg

Skill      XL: |  1  2  3  4  5  6  7  8  9 10 11 |
---------------+----------------------------------+-----
Axes           | 3 4 5 7 8 10 11 | 11.1
Armour         | 4 5 6 7 8 9 |  9.2
Fighting       | 4 5 6 7 8 9 |  9.2
Shields        | 5 6 7 8 10 | 10.9

Action                     |  1- 3 |  4- 6 |  7- 9 | 10-12 || total
---------------------------+-------+-------+-------+-------++-------
  Melee: War axe           |    78 |    61 |       |       ||   139
         Whip              |       |    67 |   228 |       ||   295
         Unarmed           |       |       |    17 |       ||    17
         Flail             |       |       |   114 |   306 ||   420
    Use: Potion            |       |       |     1 |     6 ||     7
         Scroll            |       |       |       |     4 ||     4
 Armour: Scale mail        |    51 |    76 |   223 |   286 ||   636
         Skin              |       |       |     2 |       ||     2
  Dodge: Dodged            |    28 |    56 |   156 |   151 ||   391
  Block: Buckler           |    24 |    33 |   116 |   157 ||   330
